 Dungeon Crawl Stone Soup version 0.21.1 (webtiles) character file.

1150 manyhoops the Thaumaturge (level 8, 0/52 HPs)
             Began as a Gnoll Wanderer on Feb 3, 2018.
             Was an Initiate of Hepliaklqana.
             Slain by a hornet zombie (5 damage)
             ... on level 5 of the Dungeon.
             The game lasted 00:09:10 (5064 turns).

manyhoops the Thaumaturge (Gnoll Wanderer)          Turns: 5064, Time: 00:09:11

Health: 0/52       AC: 11    Str: 15 (17) XL:     8   Next: 38%
Magic:  19/26      EV: 13    Int: 14 (16) God:    Hepliaklqana [......]
Gold:   46         SH:  0    Dex: 15 (18) Spells: 23/36 levels left

rFire    + . .     SeeInvis .   y - +0 trident
rCold    . . .     Gourm    .   (no shield)
rNeg     . . .     Faith    .   z - +0 leather armour
rPois    .         Spirit   .   j - +1 hat
rElec    .         Reflect  .   (no cloak)
rCorr    .         Harm     .   (no gloves)
MR       .....                  h - +0 pair of boots
Stlth    +++.......             (no amulet)
HPRegen  0.17/turn              m - ring of stealth
MPRegen  0.20/turn              c - ring of protection from fire

@: mighty, icy armour, slow
A: distributed training, reduced essence, fangs 1, strong nose
a: Recall Ancestor, Ancestor Identity, Renounce Religion


You were on level 5 of the Dungeon.
You worshipped Hepliaklqana.
Hepliaklqana was noncommittal.
You were not hungry.

You visited 2 branches of the dungeon, and saw 6 of its levels.

You collected 176 gold pieces.
You spent 130 gold pieces at shops.

Inventory:

Hand Weapons
 e - a +0 dagger
 g - a +0 dagger of venom
 y - a +0 trident (weapon)
Missiles
 A - 2 poisoned tomahawks (quivered)
 B - 5 curare-tipped needles
 C - 7 javelins of penetration
Armour
 d - a +0 robe
 h - a +0 pair of boots (worn)
 j - a +1 hat (worn)
 z - a +0 leather armour (worn)
Jewellery
 c - a ring of protection from fire (right hand)
 m - a ring of stealth (left hand)
 n - an uncursed ring of protection from cold
 r - an uncursed ring of see invisible
Scrolls
 o - a scroll of random uselessness
 p - 3 scrolls of remove curse
 q - a scroll of enchant weapon
 u - a scroll of immolation
 x - a scroll of fear
 E - a scroll of magic mapping
Potions
 k - a potion of ambrosia {unknown}
 l - a potion of agility
 s - 2 potions of magic
 t - a potion of invisibility {unknown}
 v - a potion of might
 w - a potion of cancellation
Books
 a - a book of Minor Magic

   Spells                             Type                      Level
   a - Magic Dart                     Conjuration                  1
   b - Blink                          Translocation                2
   c - Call Imp                       Summoning                    2
   d - Slow                           Hexes                        2
   e - Conjure Flame                  Conjuration/Fire             3
   f - Mephitic Cloud                 Conjuration/Poison/Air       3
 b - the Collected Works on Cold

   Spells                             Type                      Level
   a - Freeze                         Ice                          1
   b - Ozocubu's Armour               Charms/Ice                   3
Comestibles
 f - 11 rations


   Skills:
 + Level 3.1 Fighting
 + Level 3.1 Short Blades
 + Level 3.1 Long Blades
 + Level 3.1 Axes
 + Level 3.1 Maces & Flails
 + Level 3.1 Polearms
 + Level 3.1 Staves
 + Level 3.1 Slings
 + Level 3.1 Bows
 + Level 3.1 Crossbows
 + Level 3.1 Throwing
 + Level 3.1 Armour
 + Level 3.1 Dodging
 + Level 3.1 Stealth
 + Level 3.1 Shields
 + Level 3.1 Unarmed Combat
 + Level 14.9 Spellcasting
 + Level 3.4 Conjurations
 + Level 2.5 Hexes
 + Level 2.5 Charms
 + Level 2.5 Summonings
 + Level 2.5 Necromancy
 + Level 2.5 Translocations
 + Level 2.5 Transmutations
 + Level 2.5 Fire Magic
 + Level 2.5 Ice Magic
 + Level 2.5 Air Magic
 + Level 2.5 Earth Magic
 + Level 2.5 Poison Magic
 + Level 3.5 Invocations
 + Level 5.6 Evocations


You had 23 spell levels left.
You knew the following spells:

 Your Spells              Type           Power        Failure   Level  Hunger
a - Magic Dart            Conj           ###.         1%          1    None
b - Freeze                Ice            ###.         2%          1    None
c - Blink                 Tloc           N/A          4%          2    None
d - Conjure Flame         Conj/Fire      ###.....     7%          3    None
e - Ozocubu's Armour      Chrm/Ice       ###.....     8%          3    None
f - Mephitic Cloud        Conj/Pois/Air  ###.....     7%          3    None


Dungeon Overview and Level Annotations

Branches:
Dungeon (5/15)             Temple (1/1) D:5

Altars:
Cheibriados
Elyvilon
Fedhas
Hepliaklqana
Kikubaaqudgha
Nemelex Xobeh
Okawaru
Qazlal
Ru
Trog
Uskayaw
Vehumet
Wu Jian
Xom
Yredelemnul
Zin

Shops:
D:5 [


Innate Abilities, Weirdness & Mutations

Your experience applies equally to all skills.
You have very sharp teeth.
Your uncanny sense of smell can sniff out nearby items.
Your life essence is reduced to manifest your ancestor. (-10% HP)


Message History

Press: ? - help, Shift-Dir - straight line, f/p - hornet zombie
Aim: a hornet zombie (severely damaged)
You freeze the hornet zombie.
The hornet zombie completely resists.
The hornet zombie is severely damaged.
The hound zombie bites you.
* * * LOW HITPOINT WARNING * * *
The hornet zombie hits you!
* * * LOW HITPOINT WARNING * * *
Bojana hits the hornet zombie but does no damage.
The adder zombie bites you but does no damage.
The leopard gecko skeleton bites Bojana.
Casting: Freeze
Confirm with . or Enter, or press ? or * to list all spells.
Aiming: Freeze
Press: ? - help, Shift-Dir - straight line, f/p - hornet zombie
Aim: a hornet zombie (severely damaged)
You freeze the hornet zombie.
The hornet zombie completely resists.
The hornet zombie is severely damaged.
The hornet zombie hits you.
You die...

#. #####...!....#.......
#...#............#.......
#...#............#.......
#........................
#.......8................
###.%.................###
##.....................
#.....................
#...R@.......... .....
#..ZZZZ†...... >....
#............. .....
#.........#### ##...
#.........# #...
##..8...### #... #..?...#
#... #...!..# ####


You could see the friendly Bojana the ancestor, an adder zombie, a hound zombie,
a hornet zombie and a leopard gecko skeleton.

Vanquished Creatures
  A hippogriff (D:4)
  A hornet zombie (D:5)
  An ogre (D:4)
  A big kobold (D:5)
  A scorpion (D:4)
  2 crimson imps (D:5)
  A bullfrog zombie (D:5)
  3 hounds
  2 orc priests
  A centaur skeleton (D:4)
  2 orc wizards
  An iguana (D:4)
  3 worker ants (D:4)
  A hound zombie (D:5)
  A howler monkey zombie (D:5)
  A worker ant zombie (D:5)
  7 adders
  An ooze (D:5)
  An adder zombie (D:5)
  A dart slug (D:4)
  A leopard gecko (D:4)
  15 orcs
  2 bats
  4 giant cockroaches
  6 goblins
  7 hobgoblins
  7 jackals
  16 kobolds
  2 quokkas (D:4)
  4 frilled lizards
  A giant cockroach zombie (D:5)
  A leopard gecko zombie (D:5)
  A quokka zombie (D:5)
  3 rats
103 creatures vanquished.

Vanquished Creatures (collateral kills)
  A bullfrog zombie (D:5)
  A worker ant zombie (D:5)
2 creatures vanquished.

Vanquished Creatures (others)
  An ancestor (D:5)
  A plant (D:5)
2 creatures vanquished.

Grand Total: 107 creatures vanquished

Notes
Turn   | Place    | Note
-------+----------+-------------------------------------------
     0 | D:1      | Reached skill level 14 in Spellcasting
     0 | D:1      | manyhoops the Gnoll Wanderer began the quest for the Orb.
     0 | D:1      | manyhoops set off with: a book of Minor Magic, the Collected Works on Cold, a potion of lignification, a +0 robe, a +0 dagger, a ration
     0 | D:1      | Reached XP level 1. HP: 13/13 MP: 16/16
     0 | D:1      | Identified the Collected Works on Cold
     2 | D:1      | Learned a level 1 spell: Magic Dart
     4 | D:1      | Learned a level 1 spell: Freeze
    13 | D:1      | Noticed a centaur
   170 | D:1      | Reached XP level 2. HP: 19/19 MP: 13/17
   804 | D:2      | Reached XP level 3. HP: 25/25 MP: 13/19
   874 | D:2      | Reached skill level 1 in Invocations
  1126 | D:2      | Found a radiant altar of Vehumet.
  1284 | D:2      | Reached skill level 1 in Fighting
  1284 | D:2      | Reached skill level 1 in Short Blades
  1284 | D:2      | Reached skill level 1 in Long Blades
  1284 | D:2      | Reached skill level 1 in Axes
  1284 | D:2      | Reached skill level 1 in Maces & Flails
  1284 | D:2      | Reached skill level 1 in Polearms
  1284 | D:2      | Reached skill level 1 in Staves
  1284 | D:2      | Reached skill level 1 in Slings
  1284 | D:2      | Reached skill level 1 in Bows
  1284 | D:2      | Reached skill level 1 in Crossbows
  1284 | D:2      | Reached skill level 1 in Throwing
  1284 | D:2      | Reached skill level 1 in Armour
  1284 | D:2      | Reached skill level 1 in Dodging
  1284 | D:2      | Reached skill level 1 in Stealth
  1284 | D:2      | Reached skill level 1 in Shields
  1284 | D:2      | Reached skill level 1 in Unarmed Combat
  1284 | D:2      | Reached XP level 4. HP: 28/32 MP: 15/20
  1335 | D:2      | Found an iron altar of Okawaru.
  1684 | D:3      | Learned a level 2 spell: Blink
  1688 | D:3      | Learned a level 3 spell: Conjure Flame
  1715 | D:3      | Reached skill level 1 in Hexes
  1715 | D:3      | Reached skill level 1 in Charms
  1715 | D:3      | Reached skill level 1 in Summonings
  1715 | D:3      | Reached skill level 1 in Necromancy
  1715 | D:3      | Reached skill level 1 in Translocations
  1715 | D:3      | Reached skill level 1 in Transmutations
  1715 | D:3      | Reached skill level 1 in Fire Magic
  1715 | D:3      | Reached skill level 1 in Ice Magic
  1715 | D:3      | Reached skill level 1 in Air Magic
  1715 | D:3      | Reached skill level 1 in Earth Magic
  1715 | D:3      | Reached skill level 1 in Poison Magic
  2057 | D:3      | Found a blossoming altar of Fedhas.
  2066 | D:3      | Reached XP level 5. HP: 37/37 MP: 13/22
  2146 | D:3      | Found an ornate altar of the Wu Jian Council.
  2418 | D:4      | Noticed a hippogriff
  2439 | D:4      | Killed a hippogriff
  2439 | D:4      | Reached skill level 5 in Evocations
  2439 | D:4      | Reached XP level 6. HP: 37/44 MP: 9/23
  2701 | D:4      | Reached XP level 7. HP: 45/50 MP: 17/25
  3060 | D:4      | Learned a level 3 spell: Ozocubu's Armour
  3064 | D:4      | Learned a level 3 spell: Mephitic Cloud
  3701 | D:5      | Entered Level 5 of the Dungeon
  4329 | D:5      | Reached XP level 8. HP: 53/57 MP: 24/26
  4360 | D:5      | Found Comp's Antique Armour Boutique.
  4651 | D:5      | Found a staircase to the Ecumenical Temple.
  4654 | D:5      | Bought a pair of boots for 130 gold pieces
  4665 | Temple   | Entered the Ecumenical Temple
  4718 | Temple   | Became a worshipper of Hepliaklqana the Forgotten
  5064 | D:5      | Slain by a hornet zombie

Skill      XL: |  1  2  3  4  5  6  7  8 |
---------------+-------------------------+-----
Spellcasting   | | 14.9
Conjurations   | 2 3 |  3.4
Invocations    | 1 2 3 |  3.5
Fighting       | 1 2 3 |  3.1
Short Blades   | 1 2 3 |  3.1
Long Blades    | 1 2 3 |  3.1
Axes           | 1 2 3 |  3.1
Maces & Flails | 1 2 3 |  3.1
Polearms       | 1 2 3 |  3.1
Staves         | 1 2 3 |  3.1
Slings         | 1 2 3 |  3.1
Bows           | 1 2 3 |  3.1
Crossbows      | 1 2 3 |  3.1
Throwing       | 1 2 3 |  3.1
Armour         | 1 2 3 |  3.1
Dodging        | 1 2 3 |  3.1
Stealth        | 1 2 3 |  3.1
Shields        | 1 2 3 |  3.1
Unarmed Combat | 1 2 3 |  3.1
Hexes          | 1 2 |  2.5
Charms         | 1 2 |  2.5
Summonings     | 1 2 |  2.5
Necromancy     | 1 2 |  2.5
Translocations | 1 2 |  2.5
Transmutations | 1 2 |  2.5
Fire Magic     | 1 2 |  2.5
Ice Magic      | 1 2 |  2.5
Air Magic      | 1 2 |  2.5
Earth Magic    | 1 2 |  2.5
Poison Magic   | 1 2 |  2.5
Evocations     | 5 |  5.6

Action                   |  1- 3 |  4- 6 |  7- 9 || total
-------------------------+-------+-------+-------++-------
Melee: Dagger            |     5 |     6 |       ||    11
       Bite              |       |     1 |     4 ||     5
       Punch             |       |     1 |       ||     1
       Trident           |       |       |    52 ||    52
 Cast: Magic Dart        |    52 |   134 |   156 ||   342
       Conjure Flame     |       |     1 |       ||     1
       Freeze            |       |       |    23 ||    23
       Ozocubu's Armour  |       |       |     7 ||     7
       Mephitic Cloud    |       |       |     1 ||     1
  Use: Scroll            |     1 |     3 |     4 ||     8
       Potion            |       |     5 |     3 ||     8
 Stab: Sleeping          |     1 |       |     1 ||     2
  Eat: Chunk             |     1 |     4 |     1 ||     6
       Ration            |       |       |     2 ||     2
Armor: Robe              |     2 |    13 |       ||    15
       Leather armour    |       |       |    43 ||    43
       Skin              |       |       |     8 ||     8
Dodge: Dodged            |     9 |    39 |    91 ||   139
